 Dungeon Crawl Stone Soup version 0.27-a0-1312-g5cdb2b3542 (webtiles) character file.

Game seed: 18252261924950291499

2555 bjtr the Skirmisher (level 9, -1/55 HPs)
             Began as a Gargoyle Venom Mage on June 21, 2021.
             Was a Follower of Vehumet.
             Slain by an orc warrior (17 damage)
             ... on level 7 of the Dungeon.
             The game lasted 00:35:51 (9379 turns).

bjtr the Skirmisher (Gargoyle Venom Mage)           Turns: 9379, Time: 00:35:52

Health: -1/55      AC: 16    Str: 11 (13) XL:     9   Next: 56%
Magic:  3/16       EV: 12    Int: 23 (24) God:    Vehumet [*.....]
Gold:   376        SH:  0    Dex:  7 (10) Spells: 6/17 levels left

rFire    . . .     SeeInvis +   r - +2 long sword (flame)
rCold    . . .     Faith    .   (no shield)
rNeg     + . .     Spirit   .   d - +1 leather armour
rPois    ∞         Reflect  .   (no helmet)
rElec    +         Harm     .   B - +2 cloak {Stlth+}
rCorr    .         Rampage  .   s - +1 pair of gloves
Will     .....                  (no boots)
Stlth    +++.......             (no amulet)
HPRegen  0.18/turn              c - ring of see invisible
MPRegen  0.15/turn              w - +6 ring of intelligence

@: hasted, very quick
A: sickness immunity, AC +6, negative energy resistance 1, electricity
resistance, torment resistance 1, petrification resistance
a: Renounce Religion


You were on level 7 of the Dungeon.
You worshipped Vehumet.
Vehumet was aware of your devotion.
You visited 2 branches of the dungeon, and saw 8 of its levels.

You collected 376 gold pieces.

Inventory:

Hand Weapons
 a - a +0 vorpal hand axe
 h - a +0 short sword of speed
 i - a +0 war axe
 j - a +1 scimitar
 l - a +3 short sword of venom
 o - a +0 flail
 q - a +0 dire flail
 r - a +2 long sword of flaming (weapon)
 v - a +3 dagger
 y - a +3 shortbow
 A - a +4 quarterstaff of chaos
Missiles
 k - 12 poisoned darts
 m - 8 boomerangs (quivered)
 n - 18 sling bullets
 z - 7 arrows
Armour
 d - a +1 leather armour (worn)
 s - a +1 pair of gloves (worn)
 B - a +2 cloak of stealth (worn)
Jewellery
 b - a +4 ring of evasion
 c - a ring of see invisible (left hand)
 w - a +6 ring of intelligence (right hand)
Wands
 p - a wand of flame (15)
 t - a wand of digging (9)
Scrolls
 x - a scroll of immolation
Potions
 e - 4 potions of haste
 f - 4 potions of brilliance
 g - 3 potions of curing
 u - a potion of degeneration


   Skills:
 + Level 6.1 Fighting
 + Level 5.2 Armour
 + Level 4.0 Dodging
 + Level 4.5 Stealth
 + Level 4.9 Spellcasting
 + Level 1.2 Conjurations
 + Level 3.2 Transmutations
 + Level 0.6 Fire Magic
 + Level 0.7 Air Magic
 + Level 5.2 Poison Magic
 + Level 1.7 Evocations


You had 6 spell levels left.
You knew the following spells:

 Your Spells              Type           Power      Damage    Failure   Level
a - Sting                 Tmut/Pois      100%       1d8       2%          1
b - Ignite Poison         Fire/Tmut/Pois 19%        N/A       11%         3
c - Mephitic Cloud        Conj/Pois/Air  16%        N/A       14%         3
d - Olgreb's Toxic Radia  Pois           29%        N/A       14%         4

Your spell library contained the following spells:

 Spells                   Type           Power      Damage    Failure   Level
 Foxfire                  Conj/Fire      36%        2x1d5     9%          1
 Poisonous Vapours        Pois/Air       38%        N/A       5%          2
 Apportation              Tloc           10%        N/A       12%         1
 Lesser Beckoning         Tloc           2%         N/A       36%         3
 Tukima's Dance           Hex            5%         N/A       36%         3
 Alistair's Intoxication  Tmut/Pois      16%        N/A       52%         5
 Invisibility             Hex            2%         N/A       100%        6


Dungeon Overview and Level Annotations

Branches:
Dungeon (7/15)             Temple (1/1) D:6

Altars:
Ashenzari
Cheibriados
Dithmenos
Elyvilon
Fedhas
Gozag
Hepliaklqana
Kikubaaqudgha
Makhleb
Nemelex Xobeh
Okawaru
Qazlal
Ru
Sif Muna
Trog
Uskayaw
Vehumet
Wu Jian
Yredelemnul
Zin
The Shining One

Shops:
D:2 :

Annotations:
D:6 Maggie


Innate Abilities, Weirdness & Mutations

You are immune to sickness and miasma.
Your stone body is resilient. (AC +6)
You are immune to poison.
You resist negative energy. (rN+)
You are resistant to electric shocks. (rElec)
You are resistant to unholy torment.
You are immune to petrification.


Message History

Unknown command.
It was a potion of degeneration.
There was something very wrong with that liquid.
You feel weakened.
You feel dopey.
You feel clumsy.
The bullfrog looks more healthy.
The bullfrog hits you but does no damage.
The bullfrog barely misses you.
Unknown command.
You feel better. The bullfrog completely misses you.
The bullfrog hits you but does no damage.
The bullfrog closely misses you.
The bullfrog hits you but does no damage.
Unknown command.
You feel yourself speed up.
The bullfrog hits you but does no damage. x2
Unknown command.
Unknown command.
Casting: Ignite Poison (dangerous; 11% risk of failure)
Confirm with . or Enter, or press ? or * to list all spells.
Okay, then.
Okay, then.
Okay, then.
You slash the bullfrog! You burn the bullfrog.
You kill the bullfrog!
Vehumet accepts your kill. The bullfrog hits you.
The bullfrog barely misses you.
You riposte.
You closely miss the bullfrog.
Your Dodging skill increases to level 4!
Unknown command.
You hit the orc warrior. You burn the orc warrior.
The orc warrior is almost dead.
The bullfrog hits you but does no damage.
The orc warrior hits you with a +0 dire flail.
* * * LOW HITPOINT WARNING * * *
Unknown command.
You hit the orc warrior but do no damage.
The orc warrior is almost dead.
The bullfrog barely misses you. The bullfrog closely misses you.
The orc warrior hits you with a +0 dire flail!
You die...

.##......#.......#
.......).........#
..................
..................
##
##########...#####
#. ♣...♣...♣...♣
#. ♣...#...♣ ♣♣♣.♣
#.
♣♣♣#.#♣♣♣♣♣....♣
#. ♣...#)o.♣@F♣ #.
♣...♣...♣.o.♣♣ #.
### ######### #.
#. ####. #....
#.... #.... ###
#..#....


You could see an orc warrior and a bullfrog.

Vanquished Creatures
  An acid dragon (D:7)
  2 water moccasins
  An orc warrior (D:7)
  2 sky beasts (D:5)
  A black bear (D:7)
  A necrophage (D:5)
  2 centaurs (D:7)
  2 bullfrogs (D:7)
  A wyvern zombie (D:7)
  2 scorpions
  A wyvern skeleton (D:7)
  A water moccasin zombie (D:5)
  6 wights
  2 howler monkeys
  3 jellies
  A gnoll shaman (D:6)
  Crazy Yiuf (D:7)
  A bullfrog skeleton (D:6)
  A centaur skeleton (D:7)
  7 hounds
  Ijyb (D:5)
  Terence (D:3)
  2 iguanas
  6 orc wizards
  A killer bee zombie (D:5)
  A hound zombie (D:5)
  A hound skeleton (D:5)
  2 adders (D:6)
  A shadow imp (D:6)
  A white imp (D:6)
  2 worms
  A dart slug (D:1)
  20 orcs
  6 endoplasms
  8 giant cockroaches
  8 goblins
  3 hobgoblins
  21 jackals
  6 kobolds
  2 quokkas
  6 ball pythons
  8 bats
  4 frilled lizards
  7 rats
158 creatures vanquished.

Notes
Turn   | Place    | Note
-------+----------+-------------------------------------------
     0 | D:1      | bjtr the Gargoyle Venom Mage began the quest for the Orb.
     0 | D:1      | Reached XP level 1. HP: 10/10 MP: 3/3
   129 | D:1      | Reached XP level 2. HP: 11/15 MP: 3/5
   481 | D:1      | Reached XP level 3. HP: 19/19 MP: 4/6
   962 | D:1      | Reached skill level 1 in Transmutations
  1399 | D:2      | Found Gashruuma's Book Shoppe.
  1778 | D:2      | Found a faded altar of an unknown god.
  1924 | D:2      | Reached XP level 4. HP: 16/24 MP: 3/8
  3198 | D:3      | Found a sacrificial altar of Ru.
  3199 | D:3      | Found a white marble altar of Elyvilon.
  3213 | D:3      | Found an ancient bone altar of Kikubaaqudgha.
  3217 | D:3      | Found a sparkling altar of Nemelex Xobeh.
  3218 | D:3      | Found a snail-covered altar of Cheibriados.
  3219 | D:3      | Found an opulent altar of Gozag.
  3311 | D:3      | Noticed Terence
  3319 | D:3      | Killed Terence
  3320 | D:3      | Reached skill level 1 in Armour
  3382 | D:3      | Reached skill level 1 in Fighting
  3382 | D:3      | Reached XP level 5. HP: 29/29 MP: 5/9
  4857 | D:4      | Learned a level 3 spell: Ignite Poison
  4861 | D:4      | Learned a level 3 spell: Mephitic Cloud
  4911 | D:5      | Entered Level 5 of the Dungeon
  4934 | D:5      | Noticed a sky beast
  4955 | D:5      | Killed a sky beast
  4956 | D:5      | Reached XP level 6. HP: 17/34 MP: 11/11
  4961 | D:5      | Learned a level 4 spell: Olgreb's Toxic Radiance
  5399 | D:5      | Noticed a water moccasin
  5571 | D:5      | Killed a water moccasin
  5572 | D:5      | Reached XP level 7. HP: 28/38 MP: 10/12
  5791 | D:5      | Noticed Ijyb
  5807 | D:5      | Killed Ijyb
  5808 | D:5      | Reached skill level 2 in Fighting
  6811 | D:5      | Reached XP level 8. HP: 45/45 MP: 2/14
  7259 | D:6      | Reached skill level 3 in Fighting
  7533 | D:6      | Found a staircase to the Ecumenical Temple.
  7558 | Temple   | Entered the Ecumenical Temple
  7646 | Temple   | Became a worshipper of Vehumet
  7838 | D:6      | Reached skill level 4 in Fighting
  7864 | D:6      | Reached skill level 1 in Evocations
  7935 | D:6      | Noticed Maggie
  8564 | D:7      | Reached skill level 5 in Fighting
  8564 | D:7      | Reached skill level 5 in Armour
  8564 | D:7      | Reached XP level 9. HP: 28/54 MP: 15/15
  8873 | D:7      | Found a runed translucent door.
  8874 | D:7      | Noticed Crazy Yiuf
  8881 | D:7      | Killed Crazy Yiuf
  8977 | D:7      | Reached skill level 5 in Poison Magic
  9195 | D:7      | Reached skill level 1 in Conjurations
  9202 | D:7      | Reached * piety under Vehumet
  9202 | D:7      | Offered knowledge of Foxfire by Vehumet.
  9367 | D:7      | Reached skill level 6 in Fighting
  9379 | D:7      | Slain by an orc warrior

Illustrated notes

Levels and vault maps discovered:
D:1:      amcnicky_arrival_underground_garden, layout_basic,
          hangedman_decor_opposing, serial_bayou_crossing
D:2:      layout_basic, ebering_ecumenical_altar_box, serial_shops, shop
D:3:      layout_loops_cross, minitemple, uniq_terence
D:4:      wad_crossroads, layout_loops_corners
D:5:      layout_loops_cross, uniq_ijyb
D:6:      minmay_evil_eye, layout_basic, minmay_temple_entry_drinking_statues,
          uniq_maggie
D:7:      nzn_winding_woodlands_medium [nzn_winding_woodlands_5x5_cross,
          nzn_winding_woodlands_5x15_twine, nzn_winding_woodlands_5x5_open_star,
          nzn_winding_woodlands_5x5_three,
          nzn_winding_woodlands_center_pierced_h,
          nzn_winding_woodlands_5x5_perimeter,
          nzn_winding_woodlands_5x5_default, nzn_winding_woodlands_5x15_eye,
          nzn_winding_woodlands_hourglass], layout_gridville,
          uniq_crazy_yiuf_cottage
Temple:   regret_index_temple_generic_petals

Skill      XL: |  1  2  3  4  5  6  7  8  9 |
---------------+----------------------------+-----
Transmutations | 1 2 3 |  3.2
Armour         | 1 2 4 5 |  5.2
Spellcasting   | 3 4 |  4.9
Fighting       | 1 2 5 6 |  6.1
Dodging        | 2 3 4 |  4.0
Poison Magic   | 4 5 |  5.2
Stealth        | 3 4 |  4.5
Evocations     | 1 |  1.7
Conjurations   | 1 |  1.2
Fire Magic     | |  0.6
Air Magic      | |  0.7

Action                   |  1- 3 |  4- 6 |  7- 9 || total
-------------------------+-------+-------+-------++-------
Melee: Short sword       |   110 |   148 |   159 ||   417
       Long sword        |       |       |    93 ||    93
Throw: Boomerang         |       |     3 |     7 ||    10
       Dart              |       |       |     6 ||     6
 Cast: Sting             |    42 |    43 |     8 ||    93
       Mephitic Cloud    |       |       |     7 ||     7
       Olgreb's Toxic Ra |       |       |     7 ||     7
       Ignite Poison     |       |       |     7 ||     7
Evoke: Wand              |       |     7 |     8 ||    15
  Use: Scroll            |     2 |     3 |    10 ||    15
       Potion            |       |       |     5 ||     5
 Stab: Sleeping          |     1 |     3 |     3 ||     7
Armor: Robe              |     8 |       |       ||     8
       Leather armour    |    38 |    62 |   146 ||   246
Dodge: Dodged            |    71 |    91 |   212 ||   374
       Rpst.: Long sword |       |       |    28 ||    28

Table legend: (Time is in decaauts)
 A = Elapsed time spent in this place.
 B = Non-inter-level travel time spent in this place.
 C = Inter-level travel time spent in this place.
 D = Time resting spent in this place.
 E = Time spent auto-exploring this place.
 F = Levels seen in this place.
 G = Mean time per level.
                   A        B        C        D        E       F      G
               +--------+--------+--------+--------+--------+-----+--------+
         Total |   9443 |   9205 |    238 |   1932 |   5564 |   8 | 1180.4 |
       Dungeon |   9229 |   9016 |    213 |   1932 |   5389 |   7 | 1318.4 |
        Temple |    213 |    188 |     25 |      0 |    175 |   1 |  213.0 |
               +--------+--------+--------+--------+--------+-----+--------+

Top non-repeatable levels by time:
     D:5: 2130 daAuts
     D:3: 1514 daAuts
     D:7: 1457 daAuts
     D:4: 1257 daAuts
     D:1: 1176 daAuts
     D:2: 1163 daAuts
     D:6: 529 daAuts
  Temple: 213 daAuts
